[Event "13th Arad Open 2020"]
[Site "Arad"]
[Date "2020.09.28"]
[Round "5.5"]
[White "Patrascu, Catalin-Lucian"]
[Black "Isfan, Ioan-Marius"]
[Result "0-1"]
[ECO "B01"]
[WhiteElo "2320"]
[BlackElo "2187"]
[Annotator "ChessBase"]
[PlyCount "84"]
[EventDate "2020.09.25"]
[EventType "swiss"]
[EventCountry "ROU"]
[SourceTitle "playchess.com"]
[Source "ChessBase"]
[SourceQuality "1"]
[TimeControl "5400+30"]

1. e4 d5 2. exd5 Qxd5 3. Nc3 Qd6 4. d4 c6 5. Nf3 Bg4 6. Be2 Nf6 7. h3 Bh5 8. g4 Bg6 9. Ne5 Nbd7 10. Nc4 Qc7 11. Bf3 e6 12. Bg5 Nb6 13. Ne5 Bd6 14. Qe2 Nbd5 15. h4 Nxc3 16. bxc3 Qa5 17. Bd2 Bxe5 18. c4 Qa3 19. dxe5 Nd7 20. Bg2 Qb2 21. Rc1 h5 22. Rh3 O-O-O 23. Rb3 Qxe5 24. Be3 Nc5 25. Ra3 a6 26. Kf1 hxg4 27. Ra5 b6 28. Rxc5 bxc5 29. Qe1 Be4 30. Qa5 Bxg2+ 31. Kxg2 Rxh4 32. Qxa6+ Kd7 33. Rd1+ Ke7 34. Qa7+ Kf6 35. Rxd8 Qe4+ 36. Kf1 Rh1+ 37. Ke2 Qf3+ 38. Kd2 Rd1+ 39. Kc3 Rxd8 40. Qxc5 Qf5 41. Qxc6 g3 42. f4 Qa5+ 0-1

[Event "13th Arad Open 2020"]
[Site "Arad"]
[Date "2020.09.28"]
[Round "5.6"]
[White "Craciun, Alexandru-Emilian"]
[Black "Ghimpu, Samuel-Timotei"]
[Result "1/2-1/2"]
[ECO "B20"]
[WhiteElo "2090"]
[BlackElo "2302"]
[Annotator "ChessBase"]
[PlyCount "173"]
[EventDate "2020.09.25"]
[EventType "swiss"]
[EventCountry "ROU"]
[SourceTitle "playchess.com"]
[Source "ChessBase"]
[SourceQuality "1"]
[TimeControl "5400+30"]

1. e4 c5 2. c4 b6 3. Nc3 Bb7 4. g3 h5 5. h3 h4 6. g4 Nc6 7. Bg2 e6 8. d3 Qc7 9. Be3 Nge7 10. Nge2 Ng6 11. Qd2 O-O-O 12. O-O-O a6 13. f4 Nd4 14. Rhf1 Bd6 15. Rf2 f6 16. f5 Nxe2+ 17. Nxe2 Ne5 18. g5 b5 19. cxb5 c4 20. b6 Qc6 21. Kb1 Nxd3 22. e5 Qb5 23. exd6 Nxf2 24. Nd4 Ne4 25. Qc2 Qe5 26. Qxc4+ Kb8 27. Nc6+ dxc6 28. Qxe4 exf5 29. Qf3 Qe4+ 30. Qxe4 fxe4 31. d7 c5 32. Bxc5 Bc6 33. gxf6 gxf6 34. Be7 f5 35. Bxd8 Rxd8 36. Rd6 Kb7 37. Rf6 Rxd7 38. Rxf5 Rd2 39. Bf1 e3 40. Kc1 Be4 41. Rf4 Bg6 42. Rxh4 Rf2 43. Bc4 Kxb6 44. Rg4 Bf5 45. Rg5 Kc5 46. Bd3 Kd4 47. Bxf5 Rf1+ 48. Kc2 e2 49. Rg4+ Kc5 50. b4+ Kb6 51. Rg6+ Kc7 52. Re6 e1=Q 53. Rxe1 Rxe1 54. Kc3 Re3+ 55. Kd4 Ra3 56. Be6 Rg3 57. a4 Rg6 58. Bf5 Rh6 59. Bg4 Kb6 60. Kc4 Rf6 61. Be2 Rf2 62. Bg4 Rf1 63. Be2 Re1 64. a5+ Kc7 65. Bg4 Kd6 66. Bf3 Rc1+ 67. Kd4 Rb1 68. Kc4 Kc7 69. Bd5 Rg1 70. Kc5 Rg5 71. Kd4 Rh5 72. Be6 Kc6 73. Bg4 Rh8 74. Kc4 Rf8 75. Kc3 Re8 76. Bf5 Re3+ 77. Kd4 Re8 78. Bd3 Rd8+ 79. Kc4 Rd7 80. h4 Rg7 81. Be4+ Kd6 82. Kd4 Rg4 83. b5 axb5 84. a6 Rxh4 85. a7 Rh8 86. a8=Q Rxa8 87. Bxa8 1/2-1/2

[Event "13th Arad Open 2020"]
[Site "Arad"]
[Date "2020.09.28"]
[Round "5.7"]
[White "Saioc, David"]
[Black "Antonica, Dragos-Andrei"]
[Result "0-1"]
[ECO "D02"]
[WhiteElo "1898"]
[BlackElo "2301"]
[Annotator "ChessBase"]
[PlyCount "84"]
[EventDate "2020.09.25"]
[EventType "swiss"]
[EventCountry "ROU"]
[SourceTitle "playchess.com"]
[Source "ChessBase"]
[SourceQuality "1"]
[TimeControl "5400+30"]

1. d4 d5 2. Nf3 Nf6 3. g3 c5 4. e3 Nc6 5. Bg2 Bf5 6. a3 e6 7. O-O Rc8 8. Nc3 cxd4 9. exd4 Bd6 10. Re1 O-O 11. Nh4 Bg4 12. Bf3 Bxf3 13. Nxf3 a6 14. Ne2 Qb6 15. c3 Na5 16. Qc2 Nb3 17. Rb1 Ne4 18. Nd2 Nexd2 19. Bxd2 Nxd4 20. Nxd4 Qxd4 21. Qxh7+ Kxh7 22. cxd4 Rc2 23. Be3 Rfc8 24. Kf1 Kg6 25. Re2 Kf5 26. h3 b5 27. Ke1 Ke4 28. Bd2+ Kxd4 29. Bc3+ R8xc3 30. bxc3+ Rxc3 31. a4 b4 32. Ra2 b3 33. Rab2 Kc4 34. Rd1 Rc2 35. Rbb1 Bb4+ 36. Kf1 d4 37. h4 d3 38. h5 b2 39. g4 Bd2 40. Rxd2 Rxd2 41. g5 Rc2 42. Kg2 Kb3 0-1

[Event "13th Arad Open 2020"]
[Site "Arad"]
[Date "2020.09.28"]
[Round "5.8"]
[White "Daianu, Cristian-Clement"]
[Black "Paraschiv, Petronela-Alexandra"]
[Result "1-0"]
[ECO "B06"]
[WhiteElo "2224"]
[BlackElo "1909"]
[Annotator "ChessBase"]
[PlyCount "82"]
[EventDate "2020.09.25"]
[EventType "swiss"]
[EventCountry "ROU"]
[SourceTitle "playchess.com"]
[Source "ChessBase"]
[SourceQuality "1"]
[TimeControl "5400+30"]

1. e4 d6 2. d4 g6 3. Nc3 Bg7 4. f4 a6 5. Nf3 b5 6. Bd3 Bb7 7. Qe2 Nd7 8. e5 e6 9. d5 b4 10. dxe6 fxe6 11. Ne4 Bxe4 12. Qxe4 d5 13. Qxb4 Nb6 14. Bxa6 Qd7 15. Bb5 c6 16. Bd3 Rb8 17. Be3 Bf8 18. Bc5 Bxc5 19. Qxc5 Na4 20. Qa3 Nxb2 21. O-O Qe7 22. Qc3 Qa7+ 23. Kh1 Kd7 24. f5 gxf5 25. Bxf5 Ne7 26. Bxe6+ Kxe6 27. Nd4+ Kd7 28. Rf7 Qb6 29. Qh3+ Kd8 30. Ne6+ Ke8 31. Raf1 Qa5 32. Rf8+ Rxf8 33. Rxf8+ Kd7 34. Nc5+ Kc7 35. Qd7+ Kb6 36. Rxb8+ Kxc5 37. Qxe7+ Kc4 38. Qh4+ d4 39. Rxb2 Qc3 40. Rb1 Qxc2 41. Qe1 Kd5 1-0

[Event "13th Arad Open 2020"]
[Site "Arad"]
[Date "2020.09.28"]
[Round "5.9"]
[White "Didiliuc, Dariana-Gabriela"]
[Black "Pisu, Robert-Daniel"]
[Result "0-1"]
[ECO "A58"]
[WhiteElo "1880"]
[BlackElo "2223"]
[Annotator "ChessBase"]
[PlyCount "42"]
[EventDate "2020.09.25"]
[EventType "swiss"]
[EventCountry "ROU"]
[SourceTitle "playchess.com"]
[Source "ChessBase"]
[SourceQuality "1"]
[TimeControl "5400+30"]

1. d4 Nf6 2. c4 c5 3. d5 b5 4. cxb5 a6 5. bxa6 g6 6. Nc3 Bg7 7. e4 O-O 8. Qc2 Qa5 9. g3 Nxe4 10. Nge2 Nxc3 11. Nxc3 Bxa6 12. Bd2 d6 13. Ne4 Qb6 14. Bc3 Nd7 15. Bxg7 Kxg7 16. Qc3+ Kg8 17. Bxa6 Qxa6 18. Qd2 Ne5 19. Qe2 Nd3+ 20. Kd1 Qa4+ 21. b3 Qxe4 0-1

[Event "13th Arad Open 2020"]
[Site "Arad"]
[Date "2020.09.28"]
[Round "5.10"]
[White "Lup, Constantin-Ionel"]
[Black "Ursan, Petru-Sebastian"]
[Result "0-1"]
[ECO "A25"]
[WhiteElo "1662"]
[BlackElo "2248"]
[Annotator "ChessBase"]
[PlyCount "96"]
[EventDate "2020.09.25"]
[EventType "swiss"]
[EventCountry "ROU"]
[SourceTitle "playchess.com"]
[Source "ChessBase"]
[SourceQuality "1"]
[TimeControl "5400+30"]

1. c4 g6 2. g3 Bg7 3. Bg2 Nc6 4. Nc3 e5 5. d3 Nge7 6. e3 d6 7. Nge2 h5 8. h4 O-O 9. a3 a5 10. Rb1 Bg4 11. b4 axb4 12. axb4 Qc8 13. Bd2 Ra3 14. Qc2 Rd8 15. b5 Nb8 16. Na4 d5 17. Bb4 dxc4 18. Bxa3 cxd3 19. Qb3 dxe2 20. Nc3 e4 21. Nxe2 Rd3 22. Qb4 Nd5 23. Qxe4 Bxe2 24. Kxe2 Nc3+ 25. Kxd3 Qd7+ 26. Kc2 Nxe4 27. Bxe4 Qe6 28. Bd3 Qa2+ 29. Bb2 Nd7 30. Kc1 Nc5 31. Bc2 b6 32. Bxg7 Kxg7 33. Rd1 Qa5 34. Rd2 Qc3 35. Kd1 Qc4 36. Ke1 Qc3 37. Kd1 Qc4 38. Ke1 Kf6 39. f4 Qc3 40. Ke2 Kg7 41. f5 gxf5 42. Bxf5 Qe5 43. g4 hxg4 44. Bxg4 Qh2+ 45. Kd1 Qg1+ 46. Kc2 Qxg4 47. Rdd1 Qc4+ 48. Kd2 Qd3+ 0-1

[Event "13th Arad Open 2020"]
[Site "Arad"]
[Date "2020.09.29"]
[Round "6.1"]
[White "Kozak, Adam"]
[Black "Manolache, Marius"]
[Result "1/2-1/2"]
[ECO "A05"]
[WhiteElo "2503"]
[BlackElo "2541"]
[Annotator "ChessBase"]
[PlyCount "66"]
[EventDate "2020.09.25"]
[EventType "swiss"]
[EventCountry "ROU"]
[SourceTitle "playchess.com"]
[Source "ChessBase"]
[SourceQuality "1"]
[TimeControl "5400+30"]

1. Nf3 Nf6 2. g3 g6 3. b3 Bg7 4. Bb2 d6 5. d4 a5 6. Bg2 O-O 7. O-O a4 8. c4 axb3 9. axb3 Rxa1 10. Bxa1 c6 11. Nbd2 d5 12. Bc3 Ne4 13. Nxe4 dxe4 14. Ne1 c5 15. Nc2 Nc6 16. e3 Qb6 17. b4 cxb4 18. c5 Qb5 19. Nxb4 Nxb4 20. Qb1 Bd7 21. Bxb4 Bc6 22. Bxe4 Bxe4 23. Qxe4 Qxb4 24. Rb1 Qc4 25. Qxe7 Bxd4 26. exd4 Qxd4 27. h4 Rc8 28. Rxb7 Qd1+ 29. Kg2 Qd5+ 30. f3 Qd2+ 31. Kh3 Qd5 32. Qd7 Qxd7+ 33. Rxd7 Rxc5 1/2-1/2

[Event "13th Arad Open 2020"]
[Site "Arad"]
[Date "2020.09.29"]
[Round "6.2"]
[White "Istratescu, Andrei"]
[Black "Solodovnichenko, Yuri"]
[Result "1/2-1/2"]
[ECO "A30"]
[WhiteElo "2551"]
[BlackElo "2553"]
[Annotator "ChessBase"]
[PlyCount "46"]
[EventDate "2020.09.25"]
[EventType "swiss"]
[EventCountry "ROU"]
[SourceTitle "playchess.com"]
[Source "ChessBase"]
[SourceQuality "1"]
[TimeControl "5400+30"]

1. c4 c5 2. Nc3 Nf6 3. Nf3 e6 4. g3 b6 5. Bg2 Bb7 6. O-O Be7 7. d4 cxd4 8. Qxd4 O-O 9. Bg5 h6 10. Bxf6 Bxf6 11. Qd2 Qe7 12. Rac1 Rc8 13. Nb5 Bxf3 14. Bxf3 Nc6 15. Rfd1 Rd8 16. b3 Rab8 17. Bg2 a6 18. Nd6 g6 19. h4 Bg7 20. Qe3 h5 21. Rd2 f5 22. Rcd1 Rf8 23. f4 Kh7 1/2-1/2

[Event "13th Arad Open 2020"]
[Site "Arad"]
[Date "2020.09.29"]
[Round "6.3"]
[White "Filip, Lucian-Ioan"]
[Black "Daianu, Cristian-Clement"]
[Result "1-0"]
[ECO "A96"]
[WhiteElo "2432"]
[BlackElo "2224"]
[Annotator "ChessBase"]
[PlyCount "65"]
[EventDate "2020.09.25"]
[EventType "swiss"]
[EventCountry "ROU"]
[SourceTitle "playchess.com"]
[Source "ChessBase"]
[SourceQuality "1"]
[TimeControl "5400+30"]

1. Nf3 f5 2. g3 Nf6 3. Bg2 d6 4. d4 e6 5. O-O Be7 6. c4 O-O 7. Qc2 Ne4 8. Nbd2 d5 9. Ne5 Nc6 10. Ndf3 Nb4 11. Qa4 c6 12. a3 Na6 13. c5 Nc7 14. Ne1 Bd7 15. N1d3 Nb5 16. f3 Nf6 17. Be3 Be8 18. Qb3 Rb8 19. a4 Nc7 20. Qc3 Nd7 21. Nxd7 Qxd7 22. Bf4 g5 23. Be5 Bg6 24. Qa5 Rbc8 25. Qxa7 Ne8 26. a5 Nf6 27. a6 bxa6 28. Rxa6 Rfd8 29. Qxd7 Rxd7 30. Nb4 Kf7 31. Nxc6 Rb7 32. b4 Ne8 33. Rfa1 1-0

[Event "13th Arad Open 2020"]
[Site "Arad"]
[Date "2020.09.29"]
[Round "6.4"]
[White "Pisu, Robert-Daniel"]
[Black "Antonica, Dragos-Andrei"]
[Result "1/2-1/2"]
[ECO "D30"]
[WhiteElo "2223"]
[BlackElo "2301"]
[Annotator "ChessBase"]
[PlyCount "89"]
[EventDate "2020.09.25"]
[EventType "swiss"]
[EventCountry "ROU"]
[SourceTitle "playchess.com"]
[Source "ChessBase"]
[SourceQuality "1"]
[TimeControl "5400+30"]

1. d4 d5 2. c4 e6 3. Nf3 Nf6 4. g3 dxc4 5. Qa4+ Nc6 6. Bg2 Bd6 7. Qxc4 O-O 8. Bf4 Bxf4 9. gxf4 Qd6 10. e3 Qb4+ 11. Nbd2 Qxb2 12. Rb1 Qa3 13. O-O Nd5 14. Rfc1 Nce7 15. Qc2 Ng6 16. Nc4 Qe7 17. Na5 b6 18. Nc6 Qe8 19. h4 h6 20. Nce5 Nxe5 21. fxe5 Bb7 22. Qe4 Rb8 23. Qg4 f5 24. exf6 Nxf6 25. Qg3 Nh5 26. Qg4 Nf6 27. Qg3 Be4 28. Rb2 Nh5 29. Qh3 Bxf3 30. Bxf3 Rf5 31. Bg4 Qg6 32. Kh2 Rf6 33. Rxc7 Rbf8 34. f4 Kh7 35. Rg2 R8f7 36. Rxf7 Qxf7 37. Qf3 g6 38. Bxh5 gxh5 39. Qe4+ Rf5 40. Rc2 Qe7 41. Kh3 Qg7 42. Rg2 Qf7 43. Rc2 Qg7 44. Rg2 Qf7 45. Rc2 1/2-1/2

[Event "13th Arad Open 2020"]
[Site "Arad"]
[Date "2020.09.29"]
[Round "6.5"]
[White "Isfan, Ioan-Marius"]
[Black "Ghimpu, Samuel-Timotei"]
[Result "0-1"]
[ECO "A46"]
[WhiteElo "2187"]
[BlackElo "2302"]
[Annotator "ChessBase"]
[PlyCount "70"]
[EventDate "2020.09.25"]
[EventType "swiss"]
[EventCountry "ROU"]
[SourceTitle "playchess.com"]
[Source "ChessBase"]
[SourceQuality "1"]
[TimeControl "5400+30"]

1. d4 Nf6 2. Bg5 e6 3. Nf3 c5 4. e3 h6 5. Bh4 Qb6 6. Qc1 Nc6 7. c3 d5 8. Nbd2 Bd7 9. Bd3 Rc8 10. O-O Nh5 11. Re1 g5 12. Bg3 Bg7 13. e4 O-O 14. exd5 exd5 15. dxc5 Qxc5 16. Nb3 Qb6 17. Qe3 d4 18. Nfxd4 Nxd4 19. cxd4 Nxg3 20. hxg3 Rfe8 21. Be4 Qb4 22. Qd3 b6 23. Re3 a5 24. a3 Qd6 25. Rd1 Ba4 26. Rde1 Kf8 27. Kh2 h5 28. Rf3 Rc7 29. Rf5 Rce7 30. Re3 Bf6 31. Ref3 Rxe4 32. Rxf6 Rh4+ 33. Kg1 Re1+ 34. Qf1 Rxf1+ 35. Kxf1 Rh1+ 0-1

[Event "13th Arad Open 2020"]
[Site "Arad"]
[Date "2020.09.29"]
[Round "6.6"]
[White "Talu, Mircea"]
[Black "Filip, Andrei"]
[Result "1-0"]
[ECO "A62"]
[WhiteElo "2351"]
[BlackElo "2003"]
[Annotator "ChessBase"]
[PlyCount "137"]
[EventDate "2020.09.25"]
[EventType "swiss"]
[EventCountry "ROU"]
[SourceTitle "playchess.com"]
[Source "ChessBase"]
[SourceQuality "1"]
[TimeControl "5400+30"]

1. d4 Nf6 2. c4 e6 3. Nf3 c5 4. d5 exd5 5. cxd5 d6 6. Nc3 g6 7. g3 Bg7 8. Bg2 O-O 9. O-O Re8 10. Bf4 b6 11. Re1 Ba6 12. e4 Nh5 13. Bg5 Qc8 14. Rc1 Nd7 15. Qd2 Qb7 16. g4 Nhf6 17. Qf4 b5 18. Qxd6 b4 19. Bxf6 Nxf6 20. Na4 Nxe4 21. Rxe4 Rxe4 22. Nxc5 Rc8 23. Rd1 Rxc5 24. Qxc5 Rxg4 25. Re1 Qd7 26. Re7 Rxg2+ 27. Kh1 Qxe7 28. Qxe7 Rxf2 29. Qxa7 Rxf3 30. Qxa6 Bf8 31. Kg2 Rf5 32. Qa8 Kg7 33. Qd8 Rf6 34. Qc7 Kg8 35. Qa7 Rf5 36. Qd4 Bd6 37. Qd3 Kg7 38. Qd2 h6 39. Qd1 Kh7 40. Qd4 Kg8 41. Qc4 Bf8 42. Qd3 Bd6 43. a4 bxa3 44. bxa3 Rf4 45. Qa6 Bf8 46. a4 Rd4 47. Qb5 Rb4 48. Qc6 Rb2+ 49. Kg3 Rb3+ 50. Kf2 Rb2+ 51. Ke3 Ra2 52. Qb5 Rxh2 53. a5 Rh3+ 54. Ke2 Rh2+ 55. Kf3 Rh3+ 56. Kg2 Ra3 57. a6 h5 58. Qb7 h4 59. a7 h3+ 60. Kh1 Ra1+ 61. Kh2 Bd6+ 62. Kxh3 Ra3+ 63. Kg2 Ra2+ 64. Kf3 Ra3+ 65. Ke2 Kf8 66. a8=Q+ Rxa8 67. Qxa8+ Ke7 68. Qb7+ Kf6 69. Qd7 1-0

[Event "13th Arad Open 2020"]
[Site "Arad"]
[Date "2020.09.29"]
[Round "6.7"]
[White "Ursan, Petru-Sebastian"]
[Black "Craciun, Alexandru-Emilian"]
[Result "1-0"]
[ECO "A20"]
[WhiteElo "2248"]
[BlackElo "2090"]
[Annotator "ChessBase"]
[PlyCount "111"]
[EventDate "2020.09.25"]
[EventType "swiss"]
[EventCountry "ROU"]
[SourceTitle "playchess.com"]
[Source "ChessBase"]
[SourceQuality "1"]
[TimeControl "5400+30"]

1. c4 e5 2. g3 Nf6 3. Bg2 d5 4. cxd5 Nxd5 5. Nf3 Nc6 6. Nc3 Nb6 7. O-O Be6 8. d3 Be7 9. Be3 O-O 10. Rc1 f5 11. Na4 Nxa4 12. Qxa4 Bd5 13. Bc5 a6 14. Qc2 Kh8 15. a4 Rc8 16. Bxe7 Qxe7 17. Qc5 Qd6 18. Rfd1 Bb3 19. Rd2 Bxa4 20. Ng5 h6 21. Qc4 hxg5 22. Qxa4 Nd8 23. g4 f4 24. d4 c6 25. Rd3 f3 26. Bxf3 Ne6 27. dxe5 Qxe5 28. Qb4 b5 29. Re3 Qf6 30. Rd1 Rcd8 31. Rf1 Rd4 32. Qc3 c5 33. Rxe6 Qxe6 34. Qxc5 Rfd8 35. Qxg5 Qf6 36. Qh5+ Kg8 37. Kg2 Rd2 38. b3 g6 39. Qc5 Qd6 40. Qg5 Kg7 41. Rc1 Qf6 42. Qe3 R2d6 43. Rc7+ R8d7 44. Qc5 Qd4 45. Rxd7+ Rxd7 46. Qc8 Qd6 47. h4 a5 48. Qc3+ Qf6 49. Qxa5 Qxh4 50. e3 Qg5 51. Qc3+ Kh7 52. Qc6 Rd2 53. Qc3 Qd8 54. Be4 Qd6 55. Qc8 Qe5 56. Qc6 1-0

[Event "13th Arad Open 2020"]
[Site "Arad"]
[Date "2020.09.29"]
[Round "6.8"]
[White "Dobrin, Ionut-Alexandru"]
[Black "Patrascu, Catalin-Lucian"]
[Result "1/2-1/2"]
[ECO "D24"]
[WhiteElo "2040"]
[BlackElo "2320"]
[Annotator "ChessBase"]
[PlyCount "62"]
[EventDate "2020.09.25"]
[EventType "swiss"]
[EventCountry "ROU"]
[SourceTitle "playchess.com"]
[Source "ChessBase"]
[SourceQuality "1"]
[TimeControl "5400+30"]

1. d4 d5 2. c4 dxc4 3. Nf3 Nf6 4. Nc3 a6 5. a4 e6 6. e3 b6 7. Bxc4 Bb7 8. O-O Bb4 9. Na2 Bd6 10. Bd2 Nbd7 11. h3 Qe7 12. Nc1 e5 13. dxe5 Nxe5 14. Nxe5 Qxe5 15. f4 Qe7 16. Nb3 O-O 17. Nd4 Rad8 18. Qe2 Ne4 19. Be1 a5 20. Qg4 Nf6 21. Qg3 Qe4 22. Rd1 Rfe8 23. Bf2 c5 24. Bd3 Qxg2+ 25. Qxg2 Bxg2 26. Kxg2 cxd4 27. exd4 Bxf4 28. Bh4 Be3 29. Bxf6 gxf6 30. Bb5 Re6 31. d5 Red6 1/2-1/2

[Event "13th Arad Open 2020"]
[Site "Arad"]
[Date "2020.09.29"]
[Round "6.9"]
[White "Lehaci, Miruna-Daria"]
[Black "Saioc, David"]
[Result "1-0"]
[ECO "C42"]
[WhiteElo "2223"]
[BlackElo "1898"]
[Annotator "ChessBase"]
[PlyCount "127"]
[EventDate "2020.09.25"]
[EventType "swiss"]
[EventCountry "ROU"]
[SourceTitle "playchess.com"]
[Source "ChessBase"]
[SourceQuality "1"]
[TimeControl "5400+30"]

1. e4 e5 2. Nf3 Nf6 3. Nxe5 d6 4. Nf3 Nxe4 5. d4 d5 6. Bd3 Bd6 7. O-O O-O 8. c4 c6 9. Nc3 Nxc3 10. bxc3 dxc4 11. Bxc4 Bg4 12. Be2 Re8 13. Re1 Nd7 14. a3 c5 15. Bb2 Qc7 16. h3 Bh5 17. Qd3 Rad8 18. Bf1 Be7 19. c4 Bf6 20. Rxe8+ Rxe8 21. Rd1 Rd8 22. g4 Bg6 23. Qe3 h6 24. Re1 Nf8 25. Ba1 cxd4 26. Bxd4 Bxd4 27. Nxd4 a6 28. Nf3 Ne6 29. Ne5 Nf8 30. Nxg6 Nxg6 31. c5 Nf8 32. Bc4 Ng6 33. Ba2 Rc8 34. Qf3 Ne5 35. Qf5 Re8 36. Bxf7+ Qxf7 37. Rxe5 Rxe5 38. Qxe5 Qf3 39. Qe3 Qd1+ 40. Kh2 Qd5 41. h4 Qc6 42. g5 h5 43. Qe5 g6 44. Qb8+ Kg7 45. Qe5+ Kg8 46. Kg3 Kh7 47. f3 Kg8 48. Qd4 Qc7+ 49. Kg2 Qc6 50. a4 Kh7 51. a5 Kg8 52. Qe5 Kf7 53. Kg3 Qe6 54. Qxe6+ Kxe6 55. f4 Kd5 56. f5 gxf5 57. Kf4 Ke6 58. g6 Kf6 59. g7 Kxg7 60. Kxf5 Kf7 61. Kg5 Ke6 62. Kxh5 Kf5 63. Kh6 Kf6 64. h5 1-0

[Event "13th Arad Open 2020"]
[Site "Arad"]
[Date "2020.09.29"]
[Round "6.10"]
[White "Breitkopf, Francisc"]
[Black "Andronescu, Madalin"]
[Result "1/2-1/2"]
[ECO "B50"]
[WhiteElo "1984"]
[BlackElo "2165"]
[Annotator "ChessBase"]
[PlyCount "78"]
[EventDate "2020.09.25"]
[EventType "swiss"]
[EventCountry "ROU"]
[SourceTitle "playchess.com"]
[Source "ChessBase"]
[SourceQuality "1"]
[TimeControl "5400+30"]

1. e4 c5 2. Nf3 d6 3. Bc4 Nc6 4. O-O Nf6 5. d3 e6 6. Bb3 Be7 7. c3 O-O 8. Re1 e5 9. h3 h6 10. Nbd2 Re8 11. Nf1 Bf8 12. Ng3 d5 13. exd5 Nxd5 14. d4 cxd4 15. cxd4 Ndb4 16. a3 Na6 17. dxe5 Nc5 18. Qxd8 Rxd8 19. Bc2 Nd3 20. Re3 Nxc1 21. Rxc1 Be6 22. Be4 Na5 23. b4 Nb3 24. Rcc3 Rd1+ 25. Kh2 Nd2 26. Bxb7 Rd8 27. Nxd2 R8xd2 28. f4 g6 29. Ne4 Rd4 30. Nf6+ Kg7 31. Bf3 Ra1 32. Red3 Rxf4 33. Ne8+ Kg8 34. Nf6+ Kg7 35. g4 Re1 36. Re3 Rxe3 37. Rxe3 Rd4 38. Ne8+ Kg8 39. Nf6+ Kg7 1/2-1/2

[Event "13th Arad Open 2020"]
[Site "Arad"]
[Date "2020.09.29"]
[Round "7.1"]
[White "Kozak, Adam"]
[Black "Istratescu, Andrei"]
[Result "1/2-1/2"]
[ECO "A04"]
[WhiteElo "2503"]
[BlackElo "2551"]
[Annotator "ChessBase"]
[PlyCount "55"]
[EventDate "2020.09.25"]
[EventType "swiss"]
[EventCountry "ROU"]
[SourceTitle "playchess.com"]
[Source "ChessBase"]
[SourceQuality "1"]
[TimeControl "5400+30"]

1. Nf3 c5 2. c4 Nf6 3. g3 b6 4. Bg2 Bb7 5. O-O g6 6. b3 Bg7 7. Bb2 O-O 8. Nc3 Ne4 9. Qc2 Nxc3 10. Bxc3 Bxc3 11. Qxc3 Nc6 12. Rfd1 d6 13. d4 Nxd4 14. Nxd4 cxd4 15. Rxd4 Bxg2 16. Kxg2 Rc8 17. Qf3 Qd7 18. a4 a5 19. Rad1 Rc5 20. Rd5 Rxd5 21. Rxd5 Rc8 22. h4 Rc5 23. Rxc5 dxc5 24. Qd5 Qc7 25. e3 h5 26. Kf1 e6 27. Qa8+ Kg7 28. Qe4 1/2-1/2

[Event "13th Arad Open 2020"]
[Site "Arad"]
[Date "2020.09.29"]
[Round "7.2"]
[White "Manolache, Marius"]
[Black "Filip, Lucian-Ioan"]
[Result "1/2-1/2"]
[ECO "E00"]
[WhiteElo "2541"]
[BlackElo "2432"]
[Annotator "ChessBase"]
[PlyCount "28"]
[EventDate "2020.09.25"]
[EventType "swiss"]
[EventCountry "ROU"]
[SourceTitle "playchess.com"]
[Source "ChessBase"]
[SourceQuality "1"]
[TimeControl "5400+30"]

1. d4 e6 2. c4 Bb4+ 3. Bd2 Bxd2+ 4. Qxd2 Nf6 5. Nc3 d5 6. Nf3 O-O 7. e3 Qe7 8. Rc1 dxc4 9. Bxc4 c5 10. O-O Rd8 11. Rfd1 cxd4 12. Nxd4 Bd7 13. Ndb5 Nc6 14. Qd6 a6 1/2-1/2

[Event "13th Arad Open 2020"]
[Site "Arad"]
[Date "2020.09.29"]
[Round "7.3"]
[White "Solodovnichenko, Yuri"]
[Black "Pisu, Robert-Daniel"]
[Result "1-0"]
[ECO "C65"]
[WhiteElo "2553"]
[BlackElo "2223"]
[Annotator "ChessBase"]
[PlyCount "73"]
[EventDate "2020.09.25"]
[EventType "swiss"]
[EventCountry "ROU"]
[SourceTitle "playchess.com"]
[Source "ChessBase"]
[SourceQuality "1"]
[TimeControl "5400+30"]

1. e4 e5 2. Nf3 Nc6 3. Bb5 Nf6 4. d3 Bc5 5. Bxc6 dxc6 6. h3 O-O 7. Be3 Qe7 8. Qd2 Rd8 9. Bxc5 Qxc5 10. Nc3 Nd7 11. d4 exd4 12. Qxd4 Qxd4 13. Nxd4 Nc5 14. O-O-O Ne6 15. Nde2 Rxd1+ 16. Rxd1 Kf8 17. f4 Ke7 18. Kd2 Nf8 19. Ke3 f6 20. g4 Be6 21. Nd4 Rd8 22. Na4 Kf7 23. Rd3 Rd6 24. b3 Bc8 25. c4 Ne6 26. Nxe6 Rxd3+ 27. Kxd3 Kxe6 28. f5+ Ke5 29. Ke3 b6 30. c5 Ba6 31. Nb2 Bf1 32. b4 bxc5 33. bxc5 h6 34. h4 a6 35. Nd1 Bc4 36. Nf2 Bf1 37. h5 1-0

[Event "13th Arad Open 2020"]
[Site "Arad"]
[Date "2020.09.29"]
[Round "7.4"]
[White "Antonica, Dragos-Andrei"]
[Black "Talu, Mircea"]
[Result "0-1"]
[ECO "E46"]
[WhiteElo "2301"]
[BlackElo "2351"]
[Annotator "ChessBase"]
[PlyCount "101"]
[EventDate "2020.09.25"]
[EventType "swiss"]
[EventCountry "ROU"]
[SourceTitle "playchess.com"]
[Source "ChessBase"]
[SourceQuality "1"]
[TimeControl "5400+30"]

1. d4 Nf6 2. c4 e6 3. Nc3 Bb4 4. e3 O-O 5. Bd2 b6 6. Nf3 Bb7 7. Bd3 d5 8. cxd5 exd5 9. O-O Nbd7 10. Rc1 a6 11. Ne5 Nxe5 12. dxe5 Nd7 13. f4 Nc5 14. Bb1 d4 15. Ne2 Qd5 16. Rf2 Bxd2 17. Qxd2 d3 18. Nc3 Qc4 19. Nd1 Qb5 20. b4 Ne4 21. Qxd3 Qxd3 22. Bxd3 Nxf2 23. Nxf2 Bd5 24. a3 c5 25. e4 Bb3 26. bxc5 bxc5 27. Rxc5 Rfc8 28. Rxc8+ Rxc8 29. Kf1 Rc1+ 30. Ke2 a5 31. Kd2 Ra1 32. Kc3 Rxa3 33. Bb1 Ba4+ 34. Kb2 Rb3+ 35. Ka2 Re3 36. Bd3 Bc2 37. Bc4 Bb3+ 38. Bxb3 Re2+ 39. Ka3 Rxf2 40. e6 fxe6 41. Bxe6+ Kf8 42. Bh3 Rxf4 43. Ka4 Rxe4+ 44. Kxa5 Rh4 45. Kb5 g5 46. Bf5 Rxh2 47. Be4 Rh4 48. Bb7 Rd4 49. Kc5 Rd2 50. Bd5 Ke7 51. g4 0-1

[Event "13th Arad Open 2020"]
[Site "Arad"]
[Date "2020.09.29"]
[Round "7.5"]
[White "Ghimpu, Samuel-Timotei"]
[Black "Ursan, Petru-Sebastian"]
[Result "1-0"]
[ECO "B09"]
[WhiteElo "2302"]
[BlackElo "2248"]
[Annotator "ChessBase"]
[PlyCount "65"]
[EventDate "2020.09.25"]
[EventType "swiss"]
[EventCountry "ROU"]
[SourceTitle "playchess.com"]
[Source "ChessBase"]
[SourceQuality "1"]
[TimeControl "5400+30"]

1. d4 d6 2. e4 g6 3. Nc3 Bg7 4. f4 Nf6 5. Nf3 O-O 6. Bd3 c5 7. dxc5 dxc5 8. e5 Nd5 9. Nxd5 Qxd5 10. Qe2 Nc6 11. Be4 Qd8 12. Be3 Nd4 13. Bxd4 cxd4 14. O-O-O Bg4 15. h3 Bxf3 16. Qxf3 Rb8 17. h4 f6 18. h5 fxe5 19. hxg6 h6 20. f5 e6 21. g4 Qg5+ 22. Kb1 exf5 23. gxf5 Qf4 24. Qe2 b5 25. Rdf1 Qg5 26. Rh5 Qg3 27. Bd5+ Kh8 28. f6 Rxf6 29. Rxf6 Bxf6 30. Rxh6+ Kg7 31. Rh7+ Kf8 32. Rf7+ Ke8 33. Rxf6 1-0

[Event "13th Arad Open 2020"]
[Site "Arad"]
[Date "2020.09.29"]
[Round "7.6"]
[White "Daianu, Cristian-Clement"]
[Black "Paraschiv, Paul-Alexandru"]
[Result "1-0"]
[ECO "C07"]
[WhiteElo "2224"]
[BlackElo "2061"]
[Annotator "ChessBase"]
[PlyCount "65"]
[EventDate "2020.09.25"]
[EventType "swiss"]
[EventCountry "ROU"]
[SourceTitle "playchess.com"]
[Source "ChessBase"]
[SourceQuality "1"]
[TimeControl "5400+30"]

1. e4 e6 2. d4 d5 3. Nd2 c5 4. Ngf3 cxd4 5. exd5 Qxd5 6. Bc4 Qd7 7. Nb3 Nc6 8. Qe2 a6 9. Bf4 Bd6 10. Bxd6 Qxd6 11. O-O-O Nf6 12. Nbxd4 Nxd4 13. Rxd4 Qc5 14. g4 b5 15. g5 bxc4 16. gxf6 gxf6 17. Rxc4 Qb6 18. Rd1 Rb8 19. b3 Bb7 20. Rf4 Bxf3 21. Qxf3 f5 22. Rfd4 Qc7 23. Qh5 Rc8 24. Rc4 Qb8 25. Rxc8+ Qxc8 26. Qg5 h5 27. h4 Qc7 28. Kb1 Qe7 29. Qg2 Kf8 30. Qa8+ Kg7 31. Rg1+ Kh7 32. Qf3 Kh6 33. Rg5 1-0